 Dungeon Crawl Stone Soup version 0.21-a0-442-g848f44b (webtiles) character file.

13 theanonym the Digger (level 2, 13/15 HPs)
             Began as a Gargoyle Earth Elementalist on Nov 14, 2017.
             Quit the game on level 1 of the Dungeon.
             The game lasted 00:01:00 (519 turns).

theanonym the Digger (Gargoyle Earth Elementalist)   Turns: 519, Time: 00:01:00

Health: 13/15      AC:  5    Str: 11    XL:     2   Next: 37%
Magic:  5/5        EV: 12    Int: 15    God:
Gold:   43         SH:  0    Dex: 10    Spells: 4/5 levels left

rFire    + . .     SeeInvis .   f - +0 dagger
rCold    . . .     Gourm    .   (no shield)
rNeg     + . .     Faith    .   c - +0 robe
rPois    ∞         Spirit   .   (no helmet)
rElec    +         Reflect  .   (no cloak)
rCorr    .         Harm     .   (no gloves)
MR       .....                  l - +0 pair of boots
Stlth    ++........             (no amulet)
HPRegen  0.05/turn              h - ring of protection from fire {rF+}
MPRegen  0.09/turn              (no ring)

@: no status effects
A: negative energy resistance 1, electricity resistance, unbreathing,
petrification resistance, rot immunity, AC +2
a: no special abilities


Innate Abilities, Weirdness & Mutations

You are resistant to torment.
Your stone body is resilient. (AC +2)
You are immune to poison.
You resist negative energy. (rN+)
You are resistant to electric shocks. (rElec)
You can survive without breathing.
You are immune to petrification.
You are immune to rotting.


   Skills:
 - Level 1.5 Dodging
 - Level 2.1 Stealth
 + Level 2.4 Spellcasting
   Level 0.7 Transmutations
 + Level 4.1 Earth Magic


You had 4 spell levels left.
You knew the following spells:

 Your Spells              Type           Power        Failure   Level  Hunger
a - Sandblast             Erth           ##....       3%          1    #......

Skill      XL: |  1  2 |
---------------+-------+-----
Earth Magic    | 4 |  4.1
Dodging        | |  1.5
Stealth        | |  2.1
Spellcasting   | |  2.4
Transmutations | |  0.7

Action                   || total
-------------------------++-------
Melee: Unarmed           ||    13
       Dagger            ||    31
 Cast: Sandblast         ||     5
Armor: Robe              ||    12
Dodge: Dodged            ||    26

Inventory:

Hand Weapons
 f - a +0 dagger (weapon)
   (You took it off a goblin on level 1 of the Dungeon)
Missiles
 b - 46 stones (quivered)
Armour
 c - a +0 robe (worn)
 l - a +0 pair of boots (worn)
   (You found it on level 1 of the Dungeon)
Jewellery
 h - a ring of protection from fire (left hand) {rF+}
   (You found it on level 1 of the Dungeon)
Scrolls
 g - a scroll of teleportation {unknown}
 j - a scroll of magic mapping {unknown}
Potions
 i - 2 potions of resistance {unknown}
Books
 e - a book of Geomancy

   Spells                             Type                      Level
   a - Sandblast                      Earth                        1
   b - Passwall                       Transmutation/Earth          2
   c - Stone Arrow                    Conjuration/Earth            3
   d - Petrify                        Transmutation/Earth          4
   e - Lee's Rapid Deconstruction     Earth                        5
Comestibles
 a - a royal jelly
 d - 2 bread rations
 k - 5 chunks of flesh

Dungeon Overview and Level Annotations

Branches:
Dungeon (1/15)

Altars:
Nemelex Xobeh


You were on level 1 of the Dungeon.
You were not hungry.

You visited 1 branch of the dungeon, and saw 1 of its levels.

You collected 43 gold pieces.


Message History

Key pressed, stopping explore.
No target in view!
No target in view!
All of the chunks of flesh in your inventory have rotted away.
Found a sparkling altar of Nemelex Xobeh.
Key pressed, stopping explore.
No target in view!
No target in view!
i - 2 emerald potions No target in view!
There is a fountain of sparkling water here.
A hobgoblin comes into view.
The hobgoblin shouts!
A goblin comes into view. It is wielding a club.
There are monsters nearby!
The goblin shouts!
There are monsters nearby!
The hobgoblin barely misses you.
You hit the hobgoblin but do no damage. The hobgoblin barely misses you.
There are monsters nearby!
You hit the goblin. The goblin closely misses you.
The hobgoblin barely misses you.
There are monsters nearby!
You hit the goblin.
You kill the goblin!
The hobgoblin barely misses you.
You hit the hobgoblin.
The hobgoblin hits you but does no damage.
You closely miss the hobgoblin. The hobgoblin barely misses you.
You closely miss the hobgoblin. The hobgoblin hits you.
You take 1 damage, and have 14/15 hp.
You hit the hobgoblin but do no damage.
The hobgoblin hits you but does no damage.
You closely miss the hobgoblin. The hobgoblin misses you.
You hit the hobgoblin. The hobgoblin hits you.
You take 1 damage, and have 13/15 hp.
Unknown command.
You hit the hobgoblin. The hobgoblin barely misses you.
You hit the hobgoblin but do no damage. The hobgoblin closely misses you.
You hit the hobgoblin but do no damage.
The hobgoblin hits you but does no damage.
You barely miss the hobgoblin. The hobgoblin hits you.
You take 2 damage, and have 11/15 hp.
You closely miss the hobgoblin. The hobgoblin closely misses you.
You barely miss the hobgoblin. The hobgoblin hits you.
You take 3 damage, and have 8/15 hp.
A hobgoblin is nearby!
You are too injured to fight recklessly!
You are too injured to fight recklessly!
A hobgoblin is nearby!
You are too injured to fight recklessly!
A hobgoblin is nearby!
You are too injured to fight recklessly!
A hobgoblin is nearby!
You are too injured to fight recklessly!
You hit the hobgoblin but do no damage. The hobgoblin closely misses you.
You hit the hobgoblin.
You kill the hobgoblin!
You see here a hobgoblin corpse.
You butcher the hobgoblin corpse.
k - 3 chunks of flesh You see here a hobgoblin skeleton. x2
Things that are here:
a club; a goblin corpse You butcher the goblin corpse.
k - 5 chunks of flesh (gained 2)
Things that are here:
a club; a goblin skeleton
Things that are here:
a club; a goblin skeleton
Found 23 arrows.
A rat comes into view.
You regained 2 hp, and now have 11/15 hp.
A rat is nearby!
A rat is nearby!
A rat is nearby!
A rat is nearby!
A rat is nearby!
The rat completely misses you.
You hit the rat.
You kill the rat!
No target in view!
No target in view!
No target in view!
No target in view!
No target in view!
No target in view!
l - a pair of boots You enter a teleport trap!
The teleport trap disappears.
Your surroundings suddenly seem different.
A rat comes into view.
A rat is nearby!
A rat is nearby!
A rat is nearby!
Wear which item? (? for menu, Esc to quit)
You start putting on your armour.
You continue putting on your pair of boots. x4
You finish putting on your +0 pair of boots.
Welcome back, theanonym the Gargoyle Earth Elementalist.

#.#..#######.
############# .....#
#.# .# # #....# #.#
.# . #....# #.# .# ##
#...)#######.# .# ###
# ....).....##.# r#
#.. # ##...####.##.##
.# #.# # .....#
#.#...####.# #.# #
##.#.# #.......@..#
#.# # ##.#.#
###...##########>#
.....#
#..#.......<##.#
.#####
###'####.#......#####
.#
#.#....####...#.....#
.#
#........##########.#
.# ###...#......# #.#
.# ##...####.......#
#.# .#
#.##..#####.....#
###.####


There were no monsters in sight!

Notes
Turn   | Place    | Note
-------+----------+-------------------------------------------
     0 | D:1      | theanonym the Gargoyle Earth Elementalist began the quest for the Orb.
     0 | D:1      | Reached XP level 1. HP: 10/10 MP: 3/3
   137 | D:1      | Reached XP level 2. HP: 10/15 MP: 1/5
   179 | D:1      | Reached skill level 4 in Earth Magic
   384 | D:1      | Found a sparkling altar of Nemelex Xobeh.
   519 | D:1      | Quit the game

Vanquished Creatures
  A bat (D:1)
  3 goblins (D:1)
  3 hobgoblins (D:1)
  2 kobolds (D:1)
  2 rats (D:1)
11 creatures vanquished.
